 Dungeon Crawl Stone Soup version 0.27-a0-972-gd1521fd518 (webtiles) character file.

Game seed: 9768486900864421791

539 Alarkh the Insei (level 7, -1/52 HPs)
             Began as a Demonspawn Transmuter on Apr 13, 2021.
             Slain by Duvessa
             ... wielding a +0 short sword
              (8 damage)
             ... on level 4 of the Dungeon.
             The game lasted 00:06:26 (3564 turns).

Alarkh the Insei (Demonspawn Transmuter)            Turns: 3564, Time: 00:06:26

Health: -1/52      AC:  2    Str: 10    XL:     7   Next: 5%
Magic:  12/12      EV: 19    Int: 17    God:
Gold:   236        SH:  0    Dex: 18    Spells: 3/13 levels left

rFire    . . .     SeeInvis .     - Unarmed
rCold    . . .     Faith    .   (shield currently unavailable)
rNeg     . . .     Spirit   .   (armour currently unavailable)
rPois    x         Reflect  .   (helmet currently unavailable)
rElec    .         Harm     .   (cloak currently unavailable)
rCorr    +         Rampage  .   (gloves currently unavailable)
Will     .....                  (boots currently unavailable)
Stlth    +.........             o - amulet of magic regeneration
HPRegen  0.17/turn              f - ring of resist corrosion
MPRegen  0.38/turn              (no ring)

@: lit by a corona, spider-form (expiring), glowing
A: venomous fangs, tiny, (claws 1), powered by death 1, demonic magic 1
a: End Transformation


You were on level 4 of the Dungeon.
You were a venomous arachnid creature.
You visited 1 branch of the dungeon, and saw 5 of its levels.

You collected 236 gold pieces.

Inventory:

Missiles
 e - 20 poisoned darts
Armour
 a - a +0 robe (melded)
 c - a +0 pair of boots (melded)
 i - a +0 buckler (melded)
 p - a +2 hat (melded)
Magical Staves
 n - a staff of death
Jewellery
 f - a ring of resist corrosion (left front leg)
 o - an amulet of magic regeneration (around neck)
Wands
 b - a wand of flame (21)
 h - a wand of digging (5)
Scrolls
 g - a scroll of fear {unknown}
 q - 2 scrolls of teleportation
Potions
 d - 2 potions of brilliance
 j - a potion of might {unknown}
 l - a potion of flight {unknown}
 m - a potion of magic
 r - a potion of cancellation {unknown}


   Skills:
 + Level 3.3 Fighting
 - Level 1.7 Dodging
 + Level 0.9 Shields
 * Level 5.0 Unarmed Combat
 + Level 3.5 Spellcasting
 + Level 3.3 Transmutations


You had 3 spell levels left.
You knew the following spells:

 Your Spells              Type           Power      Damage    Failure   Level
a - Beastly Appendage     Tmut           28%        N/A       13%         1
b - Wereblood             Tmut           14%        N/A       17%         2
c - Spider Form           Tmut/Pois      4%         N/A       47%         3
d - Ice Form              Ice/Tmut       8%         N/A       82%         4

Your spell library contained the following spells:

 Spells                   Type           Power      Damage    Failure   Level
 Hydra Form               Tmut           7%         N/A       89%         5


Dungeon Overview and Level Annotations

Branches:
Dungeon (5/15)
 Temple: D:4-7

Altars:
Ashenzari
Elyvilon
Nemelex Xobeh
Sif Muna
Uskayaw
Wu Jian
The Shining One

Annotations:
D:4 Dowan, Duvessa


Innate Abilities, Weirdness & Mutations

You are a venomous arachnid creature.
You have poisonous fangs.
You are tiny and dextrous.
Your spellcasting is less reliable in this form.
Your armour is entirely melded.
You are incapable of wielding weapons or throwing items.
((You have sharp fingernails.))
You regenerate a little health from kills.
Spells you cast may paralyse adjacent enemies.


Message History

You climb downwards.
There is a stone staircase leading up here.
Casting: Spider Form (quite dangerous; 36% risk of failure)
Confirm with . or Enter, or press ? or * to list all spells.
The spell is quite dangerous to cast (36% risk of failure)!
Continue anyway?
You turn into a venomous arachnid creature.
Your +2 hat melds into your body.
Your +0 pair of boots melds into your body.
Your +0 buckler melds into your body.
Your +0 robe melds into your body.
Malevolent energies surge around you.
Your transformation is almost over.
You climb upwards.
Level annotation: Dowan, Duvessa
There is a stone staircase leading down here.
You completely miss Duvessa. Duvessa hits you with a +0 short sword.
You bite Duvessa!
Duvessa is poisoned.
Duvessa is lightly wounded.
Dowan smirks and points a slender finger.
Duvessa completely misses you.
You hit Dowan.
Dowan is poisoned.
Dowan is lightly wounded.
Dowan gestures at Duvessa while chanting.
Duvessa seems to speed up.
You hit Duvessa.
Duvessa looks as sick as possible!
Duvessa is moderately wounded.
Duvessa gestures with her weapon.
Duvessa hits you with a +0 short sword! Duvessa hits you with a +0 short sword.
Dowan closely misses you.
You hit Dowan.
Dowan is moderately wounded.
Duvessa completely misses you.
You hit Dowan.
Dowan looks as sick as possible!
Dowan is moderately wounded.
Duvessa hits you with a +0 short sword! Dowan closely misses you.
Duvessa hits you with a +0 short sword!
* * * LOW HITPOINT WARNING * * *
You barely miss Duvessa.
Duvessa is heavily wounded.
Dowan completely misses you. Duvessa hits you with a +0 short sword!
You die...

.≈.P≈≈≈...#...##..#.....#..##.≈≈≈
≈≈≈≈♣♣♣..##.####..#.....#..##..≈≈
≈≈≈♣≈.............#.._..'....≈≈≈≈
≈≈≈≈..............#.....#...#≈.≈≈
♣♣♣#..............#.....#...#..≈≈
♣♣.#..............#######.....≈≈≈
...............................≈≈
...........##..###.....##.....≈≈≈
#..#........<..#se.....(...#...≈≈
..>#...........#.e.....#.>.##..≈≈
..#...#.....#.........##..#####≈≈
..#..###.#.## ....#.......# ≈≈
...)####...##.....#.....### #≈
.....................##. #
....###.###.♣♣♣♣P... .≈♣
#....##.##.♣≈≈≈PP♣♣≈ ♣♣
..........≈≈P≈P≈≈♣♣♣


You could see Duvessa (fast, very poisoned) and Dowan (extremely poisoned).

Vanquished Creatures
  A sky beast (D:5)
  A centaur (D:3)
  A centaur skeleton (D:2)
  A hound (D:4)
  Jessica (D:2)
  Ijyb (D:3)
  Terence (D:3)
  An iguana (D:5)
  Natasha (thrice) (D:2)
  4 adders
  A white imp (D:3)
  A worm (D:2)
  4 dart slugs
  6 orcs
  6 ball pythons
  2 endoplasms
  5 giant cockroaches
  8 goblins
  7 hobgoblins
  A jackal (D:1)
  3 quokkas
  8 bats
  3 frilled lizards (D:1)
  7 kobolds
  6 rats
83 creatures vanquished.

Vanquished Creatures (others)
  2 plants (D:4)
2 creatures vanquished.

Grand Total: 85 creatures vanquished

Notes
Turn   | Place    | Note
-------+----------+-------------------------------------------
     0 | D:1      | Alarkh the Demonspawn Transmuter began the quest for the
                  | Orb.
     0 | D:1      | Reached XP level 1. HP: 15/15 MP: 3/3
   100 | D:1      | Gained mutation: You have sharp fingernails. [demonic
                  | ancestry]
   100 | D:1      | Reached XP level 2. HP: 15/21 MP: 3/5
   166 | D:1      | Reached skill level 3 in Unarmed Combat
   539 | D:1      | Reached XP level 3. HP: 24/26 MP: 4/6
   771 | D:1      | Found a faded altar of an unknown god.
  1156 | D:2      | Noticed Jessica
  1157 | D:2      | Noticed Natasha
  1189 | D:2      | Killed Jessica
  1244 | D:2      | Gained mutation: You regenerate a little health from kills.
                  | [demonic ancestry]
  1244 | D:2      | Reached XP level 4. HP: 5/33 MP: 7/7
  1531 | D:2      | Learned a level 2 spell: Wereblood
  1535 | D:2      | Learned a level 3 spell: Spider Form
  1604 | D:2      | Killed Natasha
  1605 | D:2      | Reached XP level 5. HP: 6/38 MP: 5/9
  1605 | D:2      | Noticed Natasha
  1609 | D:2      | HP: 1/38 [Natasha/magic dart (7)]
  1613 | D:2      | Killed Natasha
  1614 | D:2      | Reached skill level 4 in Unarmed Combat
  2112 | D:2      | Noticed Natasha
  2132 | D:2      | Killed Natasha
  2243 | D:2      | Found an ornate altar of the Wu Jian Council.
  2243 | D:2      | You fall into a shaft and drop 1 floor!
  2243 | D:3      | Noticed a centaur
  2251 | D:3      | Killed a centaur
  2252 | D:3      | Reached XP level 6. HP: 26/46 MP: 6/10
  2309 | D:3      | Noticed Terence
  2324 | D:3      | Killed Terence
  2469 | D:3      | Noticed Ijyb
  2480 | D:3      | Killed Ijyb
  2580 | D:3      | Learned a level 4 spell: Ice Form
  3262 | D:4      | Found a hide-covered altar of Uskayaw.
  3282 | D:4      | Found a shimmering blue altar of Sif Muna.
  3283 | D:4      | Found a sparkling altar of Nemelex Xobeh.
  3404 | D:4      | Found a broken altar of Ashenzari.
  3459 | D:4      | Noticed Dowan
  3472 | D:4      | Noticed Duvessa
  3473 | D:5      | Entered Level 5 of the Dungeon
  3475 | D:5      | Noticed a sky beast
  3496 | D:5      | Killed a sky beast
  3497 | D:5      | Reached skill level 5 in Unarmed Combat
  3497 | D:5      | Gained mutation: Spells you cast may paralyse adjacent
                  | enemies. [demonic ancestry]
  3497 | D:5      | Reached XP level 7. HP: 44/52 MP: 6/12
  3564 | D:4      | Slain by Duvessa

Illustrated notes

Levels and vault maps discovered:
D:1:      nagdon_arrival_zigzag_paths, layout_basic, serial_glass,
          glass_columns_b, glass_columns_a, glass_columns_b, glass_columns_b,
          glass_columns_a, glass_columns_a, chequers_ecumenical_altar_simple,
          minmay_tall_x
D:2:      kennysheep_big_flooded_room, layout_rooms, basic_altar, uniq_jessica,
          uniq_natasha
D:3:      layout_basic, lemuel_doored_altar, minmay_misc_feat_square,
          hangedman_decor_lopped, uniq_ijyb, uniq_terence
D:4:      layout_cave_pools, minitemple, amcnicky_altar_gilded, serial_bayou,
          serial_bayou_lake_a, serial_bayou_lagoon_b, serial_bayou_ford_a,
          serial_bayou_shore_a, serial_bayou_pond_d,
          chequers_serial_rivers_small_3, minmay_close_crescents, uniq_duvessa
D:5:      layout_cave_pools, st_stairs_13

Skill      XL: |  1  2  3  4  5  6 |
---------------+-------------------+-----
Unarmed Combat | 3 4 5 |  5.0
Transmutations | 2 3 |  3.3
Fighting       | 2 3 |  3.3
Spellcasting   | 3 |  3.5
Dodging        | |  1.7
Shields        | |  0.9

Action                   |  1- 3 |  4- 6 |  7- 9 || total
-------------------------+-------+-------+-------++-------
Melee: Unarmed           |    83 |   168 |     7 ||   258
       Headbutt          |    10 |     2 |       ||    12
       Kick              |    11 |    13 |       ||    24
       Punch             |     2 |     1 |       ||     3
 Cast: Beastly Appendage |    20 |    14 |       ||    34
       Spider Form       |       |     7 |     1 ||     8
  Use: Potion            |     4 |     4 |       ||     8
       Scroll            |       |     2 |       ||     2
 Stab: Sleeping          |     1 |     2 |       ||     3
Armor: Robe              |    17 |    19 |       ||    36
       Skin              |       |     4 |       ||     4
Dodge: Dodged            |    44 |    92 |     5 ||   141
Block: Buckler           |       |    13 |       ||    13

Table legend: (Time is in decaauts)
 A = Elapsed time spent in this place.
 B = Non-inter-level travel time spent in this place.
 C = Inter-level travel time spent in this place.
 D = Time resting spent in this place.
 E = Time spent auto-exploring this place.
 F = Levels seen in this place.
 G = Mean time per level.
                   A        B        C        D        E       F      G
               +--------+--------+--------+--------+--------+-----+--------+
         Total |   3551 |   3441 |    110 |    606 |   2132 |   5 |  710.2 |
       Dungeon |   3551 |   3441 |    110 |    606 |   2132 |   5 |  710.2 |
               +--------+--------+--------+--------+--------+-----+--------+

Top non-repeatable levels by time:
     D:1: 1326 daAuts
     D:2: 1017 daAuts
     D:3: 819 daAuts
     D:4: 307 daAuts
     D:5: 80 daAuts
